 Dungeon Crawl Stone Soup version 0.18.1-50-g88ac8fd (webtiles) character file.

345 lobo the Stinger (level 6, -4/51 HPs)
             Began as a Naga Venom Mage on Sept 21, 2016.
             Was a Follower of Yredelemnul.
             Slain by Pikel
             ... wielding a +2 whip of flaming
              (5 damage)
             ... on level 4 of the Dungeon.
             The game lasted 00:56:41 (3330 turns).

lobo the Stinger (Naga Venom Mage)                  Turns: 3330, Time: 00:56:42

Health: -4/51      AC:  4    Str: 14 (15) XL:     6   Next: 58%
Magic:  0/9        EV: 10    Int: 19 (20) God:    Yredelemnul [*.....]
Gold:   161        SH:  0    Dex: 11      Spells: 3 memorised, 2 levels left

rFire  + . .     SeeInvis +     a - +0 trident
rCold  . . .     Gourm    .     q - +0 robe
rNeg   . . .     Faith    +     (no shield)
rPois  +         Spirit   .     (no helmet)
rElec  .         Dismiss  .     (no cloak)
rCorr  .         Reflect  .     m - +0 pair of gloves
SustAt .         Harm     .     (no barding)
MR     .....                    x - amulet of faith
Stlth  +++.......               (no ring)
                                w - ring of protection from fire

@: mighty, very slow, not resistant to hostile enchantments, fairly stealthy
A: see invisible, clever 1, deformed body, poison resistance, slowness 2, slow
metabolism 1, spit poison 2, AC +2
a: Spit Poison, Animate Remains, Renounce Religion


You were on level 4 of the Dungeon.
You worshipped Yredelemnul.
Yredelemnul was aware of your devotion.
You were very full.

You visited 1 branch of the dungeon, and saw 4 of its levels.

You collected 161 gold pieces.

Inventory:

Hand Weapons
 a - a +0 trident (weapon)
 c - a +0 dagger
 g - a +0 dagger
 j - a +0 whip
 k - a +0 scythe
 l - a +0 hand axe
 t - a +0 dagger
 y - a +0 blowgun
 z - a +0 spear of venom
Missiles
 d - 70 stones (quivered)
 f - 24 sling bullets
 o - 12 poisoned needles
 s - 23 arrows
Armour
 m - a +0 pair of gloves (worn)
 q - a +0 robe (worn)
Jewellery
 i - an uncursed amulet of guardian spirit
 r - an uncursed amulet of regeneration
 w - a ring of protection from fire (left hand)
 x - an amulet of faith (around neck)
Wands
 h - a wand of flame (26/48)
Scrolls
 n - a scroll of remove curse
Books
 b - a Young Poisoner's Handbook

   Spells                             Type                      Level
   a - Sting                          Conjuration/Poison           1
   b - Cure Poison                    Poison                       2
   c - Mephitic Cloud                 Conjuration/Poison/Air       3
   d - Olgreb's Toxic Radiance        Poison                       4
   e - Venom Bolt                     Conjuration/Poison           5
Comestibles
 p - a slice of pizza
 v - 3 fruits


   Skills:
 + Level 1.4 Fighting
 + Level 0.2 Maces & Flails
 + Level 0.2 Polearms
 + Level 2.7 Dodging
 + Level 3.9 Stealth
 + Level 2.6 Spellcasting
 + Level 1.7 Conjurations
 + Level 7.9 Poison Magic


You had 2 spell levels left.
You knew the following spells:

 Your Spells              Type           Power        Failure   Level  Hunger
a - Sting                 Conj/Pois      ###.         2%          1    #......
b - Cure Poison           Pois           ####......   1%          2    ##.....
c - Venom Bolt            Conj/Pois      ###.......   75%         5    ######.


Dungeon Overview and Level Annotations

Branches:
Dungeon (4/15)
 Temple: D:4-7

Altars:
Qazlal
Xom
Yredelemnul
The Shining One

Annotations:
D:4 Pikel


Innate Abilities, Weirdness & Mutations

You cannot wear boots.
Your serpentine skin is tough (AC +2).
You have supernaturally acute eyesight.
Armour fits poorly on your strangely shaped body.
Your system is resistant to poisons.
You cover ground very slowly.
You have a slow metabolism.
You can spit poison.
Your mind is acute. (Int +2)


Message History

You have got your breath back.
Pikel hits you with a whip of flaming.
* * * LOW HITPOINT WARNING * * *
It was a potion of might.
You feel very mighty all of a sudden. Pikel hits you but does no damage.
Casting: Sting
Confirm with . or Enter, or press ? or * to list all spells.
Okay, then.
Unknown command.
Casting: Sting
Confirm with . or Enter, or press ? or * to list all spells.
Aiming: Sting
Press: ? - help, Shift-Dir - straight line, f/p - slave
Aim: a slave, wearing an animal skin (heavily wounded, inner flame)
The sting misses Pikel.
The sting hits the slave.
The slave appears unharmed.
The slave is heavily wounded.
Pikel hits you with a whip of flaming.
You die...
Your body rises from the dead as a mindless zombie.

#. #.
###. ...
.. #.
#.###
#.@K#
###pp.p#
####a#
.# .# #


You could see Pikel (inner flame), 3 slaves and a worker ant.

Vanquished Creatures
  Sigmund (D:2)
  Jessica (D:2)
  Ijyb (D:2)
  6 adders
  A howler monkey skeleton (D:3)
  2 oozes (D:3)
  2 worms
  2 dart slugs
  5 giant geckos
  8 bats
  2 giant cockroaches
  5 hobgoblins
  A giant gecko skeleton (D:3)
  4 giant newts
  6 goblins
  4 kobolds
  7 rats
  A spectral orc (D:2)
59 creatures vanquished.

Notes
Turn   | Place    | Note
--------------------------------------------------------------
     0 | D:1      | lobo the Naga Venom Mage began the quest for the Orb.
     0 | D:1      | Reached XP level 1. HP: 15/15 MP: 3/3
   330 | D:1      | Reached XP level 2. HP: 22/22 MP: 5/5
   429 | D:1      | Reached skill level 6 in Poison Magic
   594 | D:1      | Reached XP level 3. HP: 24/28 MP: 4/6
  1169 | D:2      | Found a basalt altar of Yredelemnul.
  1186 | D:2      | Became a worshipper of Yredelemnul the Dark
  1377 | D:2      | Noticed Jessica
  1473 | D:2      | Killed Jessica
  1473 | D:2      | Reached XP level 4. HP: 32/36 MP: 3/7
  1638 | D:2      | Noticed Ijyb
  1652 | D:2      | Killed Ijyb
  1652 | D:2      | Reached skill level 7 in Poison Magic
  1918 | D:2      | Gained mutation: Your mind is acute. (Int +2) [potion of beneficial mutation]
  1947 | D:2      | Noticed Sigmund
  1957 | D:2      | Killed Sigmund
  1957 | D:2      | Reached skill level 1 in Fighting
  1957 | D:2      | Reached skill level 1 in Conjurations
  1957 | D:2      | Reached XP level 5. HP: 16/44 MP: 1/8
  1957 | D:2      | Reached XP level 6. HP: 19/51 MP: 1/9
  2306 | D:3      | Learned a level 2 spell: Cure Poison
  2312 | D:3      | Learned a level 5 spell: Venom Bolt
  2519 | D:3      | Found a shimmering altar of Xom.
  2541 | D:3      | Reached * piety under Yredelemnul
  3021 | D:3      | Found a stormy altar of Qazlal.
  3021 | D:3      | Found a glowing golden altar of the Shining One.
  3306 | D:4      | Noticed Pikel
  3306 | D:4      | Noticed a slave
  3306 | D:4      | Noticed a slave
  3306 | D:4      | Noticed a slave
  3318 | D:4      | Noticed a slave
  3328 | D:4      | HP: 1/51 [Pikel/whip of flaming (3)]
  3330 | D:4      | Slain by Pikel

Skill      XL: |  1  2  3  4 |
---------------+-------------+-----
Poison Magic   | 6 7 |  7.9
Fighting       | 1 |  1.4
Dodging        | 2 |  2.7
Conjurations   | 1 |  1.7
Maces & Flails | |  0.2
Polearms       | |  0.2
Stealth        | |  3.9
Spellcasting   | |  2.6

Action                   |  1- 3 |  4- 6 || total
-------------------------+-------+-------++-------
Melee: Unarmed           |     5 |       ||     5
       Club              |    12 |       ||    12
       Whip              |     3 |    11 ||    14
       Scythe            |       |    30 ||    30
       Trident           |       |     7 ||     7
Throw: Stone             |       |    16 ||    16
       Tomahawk          |       |     2 ||     2
 Cast: Sting             |    12 |    47 ||    59
       Venom Bolt        |       |     1 ||     1
 Abil: Spit Poison       |    28 |    33 ||    61
  Use: Scroll            |     6 |     5 ||    11
       Potion            |     1 |     6 ||     7
  Eat: Bread ration      |     1 |     1 ||     2
       Meat ration       |     1 |       ||     1
       Fruit             |       |     4 ||     4
Armor: Robe              |     9 |    35 ||    44
Dodge: Dodged            |    25 |    67 ||    92
